LetsOutscumLuxidream, neutral female scurrid Tourist -------- |.....(| .....^I. |..^...| -------- LetsOutscumLuxidream the Rambler Experience level: 1 Strength: 9 Dexterity: 14 Constitution: 14 Intelligence: 12 Wisdom: 10 Charisma: 16 Health: 0(12) Energy: 2(2) Def: 0 Gold: 1508 Moves: 172 Dungeon seed: TRalXcSXCTuRrFjn Game ID: LetsOutscumLuxidream_1498230772 Your Inventory: Coins $ - 1508 gold pieces Weapons a - 41 uncursed +2 darts (in quiver) Armor e - an uncursed +0 Hawaiian shirt (being worn) Comestibles b - an uncursed tin of kobold meat c - 2 uncursed food rations d - an uncursed egg f - an uncursed lembas wafer g - an uncursed tin of jackal meat h - an uncursed tripe ration i - an uncursed carrot j - 2 uncursed chestnuts k - 2 uncursed candy bars Scrolls n - an uncursed scroll of magic mapping Wands q - an uncursed wand of secret door detection (0:12) Tools o - an uncursed expensive camera (0:35) p - an uncursed credit card Spells and supernatural/magical abilities: Name Level Category Fail Memory W - pray for help -- divine ? -- Your skills at the end: Miscellaneous Skills wands [Basic] Weapon Skills dart [Basic] Spellcasting Skills Final Attributes: You were devoutly aligned. You were blinded. You had infravision. You were very stealthy. You are dead. Vanquished creatures: a flaming sphere a yellow light a hill orc a dwarf zombie 2 lichens 6 creatures vanquished. Voluntary challenges: You went without food. You did not adorn yourself with jewelry or accessories. You did not cause conflict. You were not invisible. You did not have reflection. You were not displaced. You were an atheist. You never hit with a wielded weapon. You were a pacifist. You did not use tools. You did not use plumbed fixtures. You read items or engraved 3 times, starting on turn 73. You never genocided any monsters. You never polymorphed an object. You never changed form. You used no wishes. You never split a pudding. You never wrote Elbereth's name. You never violated your personal moral code. Dungeon overview: The Dungeons of Doom: levels 1 to 26 Level 1 a long staircase Level 2 Level 3 a general store Level 4 a general store Level 5 Level 6 Level 7 Level 8 Level 9 a fountain a long staircase Level 10 Level 11 Level 12 Level 13 Level 14 Level 15 Level 16 Level 17 Level 18 Level 19 Level 20 Level 21 Level 22 <- You were here Level 23 Level 24 Level 25 Level 26 History has recorded: On T:1 you entered the Dungeons of Doom to retrieve the Amulet of Yendor! On T:4 you reached level 2 of The Dungeons of Doom. On T:7 you reached level 3 of The Dungeons of Doom. On T:9 you reached level 4 of The Dungeons of Doom. On T:13 you reached level 6 of The Dungeons of Doom. On T:16 you reached level 7 of The Dungeons of Doom. On T:18 you reached level 8 of The Dungeons of Doom. On T:20 you reached level 9 of The Dungeons of Doom. On T:22 you reached level 10 of The Dungeons of Doom. On T:25 you reached level 11 of The Dungeons of Doom. On T:27 you reached level 12 of The Dungeons of Doom. On T:29 you reached level 13 of The Dungeons of Doom. On T:31 you reached level 14 of The Dungeons of Doom. On T:34 you reached level 15 of The Dungeons of Doom. On T:36 you reached level 16 of The Dungeons of Doom. On T:36 you entered the Rogue tribute level. On T:38 you reached level 17 of The Dungeons of Doom. On T:40 you reached level 18 of The Dungeons of Doom. On T:43 you reached level 19 of The Dungeons of Doom. On T:45 you reached level 20 of The Dungeons of Doom. On T:47 you reached level 21 of The Dungeons of Doom. On T:49 you reached level 22 of The Dungeons of Doom. On T:52 you reached level 23 of The Dungeons of Doom. On T:54 you reached level 24 of The Dungeons of Doom. On T:56 you reached level 25 of The Dungeons of Doom. On T:58 you reached level 26 of The Dungeons of Doom. Score breakdown: Gold: 913 ( 91 points) Experience: 1 level ( 0 points) Exploration: 26 levels ( 750 points) Discoveries: 1 item ( 50 points) Variety of kills: 5 monsters ( 250 points) Major goal: (nothing yet) ( 0 points) Survival: died (score multiplied by 3) Total score: 3423 Latest messages: You dig a pit in the floor. You continue digging downward. You dig a hole through the floor. You fall through... You start digging downward. You continue digging downward. You dig a pit in the floor. You continue digging downward. You dig a hole through the floor. You fall through... You start digging downward. You continue digging downward. You dig a pit in the floor. You continue digging downward. You dig a hole through the floor. You fall through... You start digging downward. Something punches you! You continue digging downward. You dig a pit in the floor. Something claws you! You die... Final status: Aloha LetsOutscumLuxidream the Tourist, killed by a werejackal... You died in The Dungeons of Doom on dungeon level 22 with 3423 points, and 1508 pieces of gold, after 172 moves. You were level 1 with a maximum of 12 hit points when you died.